 Dungeon Crawl Stone Soup version 0.20.1-1-g8b1a95d (webtiles) character file.

1510 Greyaxe the Chopper (level 8, -1/60 HPs)
             Began as a Demonspawn Gladiator on Aug 10, 2017.
             Was a Believer of Yredelemnul.
             Slain by a killer bee (2 damage)
             ... on level 7 of the Dungeon.
             The game lasted 01:35:33 (8115 turns).

Greyaxe the Chopper (Demonspawn Gladiator)          Turns: 8115, Time: 01:35:39

Health: -1/60      AC: 13    Str: 18    XL:     8   Next: 53%
Magic:  10/10      EV:  9    Int:  9    God:    Yredelemnul [**....]
Gold:   265        SH:  0    Dex: 14    Spells: 7/7 levels left

rFire    . . .     SeeInvis .   p - +0 battleaxe (chop)
rCold    . . .     Gourm    .   (shield currently unavailable)
rNeg     . . .     Faith    .   x - +1 plate armour
rPois    .         Spirit   .   i - +1 hat
rElec    .         Reflect  .   (no cloak)
rCorr    .         Harm     .   (no gloves)
MR       .....                  (no boots)
Stlth    ..........             (no amulet)
Regen    0.2/turn               (no ring)
MPRegen  0.2/turn               (no ring)

@: lethally poisoned (-1 -> -10), injury mirror, flying
A: hooves 1, nightstalker 2, powered by pain 1, sturdy frame 2
a: Animate Remains, Recall Undead Slaves, Injury Mirror, Renounce Religion


You were on level 7 of the Dungeon.
You worshipped Yredelemnul.
Yredelemnul was pleased with you.
You were not hungry.

You visited 1 branch of the dungeon, and saw 7 of its levels.

You collected 265 gold pieces.

Inventory:

Hand Weapons
 a - a +2 war axe
 p - a +0 battleaxe of chopping (weapon)
Missiles
 d - 3 throwing nets (quivered)
Armour
 b - a +0 leather armour
 c - a +0 helmet
 e - a +0 ring mail
 i - a +1 hat (worn)
 l - a +0 helmet
 x - a +1 plate armour (worn)
Wands
 j - a wand of flame (23/48)
 u - a wand of acid (10/15)
Scrolls
 f - a scroll of recharging {unknown}
 m - 4 scrolls of identify
 s - 4 scrolls of remove curse
 v - 3 scrolls of enchant weapon
Potions
 g - a potion of agility
 n - a potion of flight
 o - a potion of degeneration {unknown}
 q - a potion of cancellation
 r - 2 potions of brilliance
 t - a potion of might


   Skills:
 + Level 4.1 Fighting
 + Level 6.9 Axes
 + Level 1.9 Throwing
 + Level 4.3 Armour
 + Level 3.4 Dodging
 + Level 2.4 Stealth
 + Level 3.7 Invocations
 + Level 1.2 Evocations


You had 7 spell levels left.
You didn't know any spells.

Dungeon Overview and Level Annotations

Branches:
Dungeon (7/15)
 Temple: D:4-7

Altars:
Ashenzari
Elyvilon
Fedhas
Gozag
Kikubaaqudgha
Makhleb
Ru
Xom
Yredelemnul
Zin


Innate Abilities, Weirdness & Mutations

You have large cloven feet.
You are significantly more attuned to the shadows.
You sometimes gain a little power by taking damage.
Your movements are less encumbered by armour. (ER -4)


Message History

* * * LOW HITPOINT WARNING * * *
You feel sick.
The killer bee stings you but does no damage.
The killer bee misses you.
The killer bee stings you but does no damage.
It was a potion of flight.
You feel very buoyant.
You fly up into the air.
* * * LOW HITPOINT WARNING * * *
You feel sick. The killer bee stings you.
* * * LOW HITPOINT WARNING * * *
The killer bee closely misses you. x2
The killer bee stings you but does no damage.
You offer yourself to Yredelemnul, and are filled with unholy energy.
* * * LOW HITPOINT WARNING * * *
You feel sick.
The killer bee stings you but does no damage.
The killer bee stings you.
You die...
Your body rises from the dead as a mindless zombie.

.......# #..#...#
#..#...#
####..#...##
..........#.
##..........
##.........#.
.....@.....##
####yy..#....
...........
##.#.###.###
#.#.# #)#
#.#.###Z####### #
.....Z......# #.
##.#####.####
(..##.##.##>###.#


You could see 2 killer bees.

Vanquished Creatures
  Grinder (D:3)
  An orc warrior (D:6)
  A sky beast (D:5)
  An ogre (D:7)
  A scorpion (D:4)
  2 killer bees (D:7)
  A howler monkey (D:6)
  2 crimson imps
  A centaur zombie (D:6)
  A hound (D:7)
  A bullfrog zombie (D:6)
  4 orc wizards
  3 orc priests
  2 bullfrog skeletons
  3 worker ants
  A howler monkey zombie (D:3)
  4 gnolls (D:3)
  12 adders
  A shadow imp (D:6)
  An adder skeleton (D:5)
  6 worms
  4 dart slugs
  A leopard gecko (D:2)
  25 orcs
  A ball python (D:2)
  7 bats
  6 giant cockroaches
  14 hobgoblins
  2 jackals (D:5)
  5 quokkas
  A ball python skeleton (D:4)
  3 frilled lizards
  6 goblins
  9 kobolds
  A leopard gecko skeleton (D:4)
  5 rats
140 creatures vanquished.

Vanquished Creatures (collateral kills)
  A crimson imp (D:6)
  An orc priest (D:4)
  A worker ant (D:4)
  A shadow imp (D:6)
  3 orcs (D:4)
  A bat (D:3)
  A frilled lizard (D:3)
9 creatures vanquished.

Vanquished Creatures (others)
  A hound zombie (D:7)
  An adder zombie (D:6)
  A quokka (D:7)
  A goblin zombie (D:3)
  2 orc skeletons (D:6)
  4 orc zombies
  A quokka zombie (D:7)
11 creatures vanquished.

Grand Total: 160 creatures vanquished

Notes
Turn   | Place    | Note
-------+----------+-------------------------------------------
     0 | D:1      | Greyaxe the Demonspawn Gladiator began the quest for the Orb.
     0 | D:1      | Reached XP level 1. HP: 16/16 MP: 1/1
   159 | D:1      | Gained mutation: You are slightly more attuned to the shadows. [demonic ancestry]
   159 | D:1      | Reached XP level 2. HP: 14/22 MP: 2/2
   202 | D:1      | Reached skill level 3 in Axes
  1000 | D:2      | Gained mutation: Your movements are slightly less encumbered by armour. (ER -2) [demonic ancestry]
  1000 | D:2      | Reached XP level 3. HP: 24/27 MP: 3/3
  1999 | D:2      | Found a basalt altar of Yredelemnul.
  2016 | D:2      | Became a worshipper of Yredelemnul the Dark
  2021 | D:2      | Found an ancient bone altar of Kikubaaqudgha.
  2022 | D:2      | Found a shattered altar of Ashenzari.
  2025 | D:2      | Found a sacrificial altar of Ru.
  2026 | D:2      | Found an opulent altar of Gozag.
  2079 | D:2      | Found a burning altar of Makhleb.
  2079 | D:2      | Found a shimmering altar of Xom.
  2200 | D:2      | Reached skill level 1 in Armour
  2200 | D:2      | Gained mutation: Your movements are less encumbered by armour. (ER -4) [demonic ancestry]
  2200 | D:2      | Reached XP level 4. HP: 29/33 MP: 4/4
  2477 | D:3      | Reached skill level 1 in Stealth
  2586 | D:3      | Reached skill level 4 in Axes
  3023 | D:3      | Gained mutation: You sometimes gain a little power by taking damage. [demonic ancestry]
  3023 | D:3      | Reached XP level 5. HP: 33/39 MP: 5/5
  3190 | D:3      | Reached * piety under Yredelemnul
  3325 | D:3      | Noticed Grinder
  3553 | D:3      | Paralysed by Grinder for 6 turns
  3565 | D:3      | Killed Grinder
  3565 | D:3      | Gained mutation: You are significantly more attuned to the shadows. [demonic ancestry]
  3565 | D:3      | Reached XP level 6. HP: 8/46 MP: 6/6
  3950 | D:3      | Reached skill level 5 in Axes
  3950 | D:3      | Reached skill level 1 in Invocations
  4485 | D:4      | Reached skill level 1 in Evocations
  4485 | D:4      | Gained mutation: You have large cloven feet. [demonic ancestry]
  4485 | D:4      | Reached XP level 7. HP: 47/52 MP: 8/8
  4958 | D:5      | Entered Level 5 of the Dungeon
  5056 | D:5      | Found a white marble altar of Elyvilon.
  5438 | D:5      | Reached ** piety under Yredelemnul
  6296 | D:6      | Found a blossoming altar of Fedhas.
  6409 | D:6      | Reached skill level 6 in Axes
  6714 | D:6      | Reached XP level 8. HP: 39/59 MP: 10/10
  7103 | D:6      | Found a sacrificial altar of Ru.
  7612 | D:7      | Found a sacrificial altar of Ru.
  8075 | D:7      | Found a glowing silver altar of Zin.
  8114 | D:7      | HP: 2/60 [killer bee (3)]
  8115 | D:7      | Slain by a killer bee

Skill      XL: |  1  2  3  4  5  6  7  8 |
---------------+-------------------------+-----
Axes           | 3 4 5 6 |  6.9
Dodging        | 3 |  3.4
Armour         | 1 2 3 4 |  4.3
Stealth        | 1 2 |  2.4
Invocations    | 1 2 3 |  3.7
Fighting       | 3 4 |  4.1
Evocations     | 1 |  1.2
Throwing       | |  1.9

Action                   |  1- 3 |  4- 6 |  7- 9 || total
-------------------------+-------+-------+-------++-------
Melee: War axe           |   121 |   155 |    89 ||   365
       Kick              |       |       |    55 ||    55
       Battleaxe         |       |       |   110 ||   110
Throw: Throwing net      |       |     1 |     2 ||     3
Invok: Animate Remains   |       |    11 |    17 ||    28
       Injury Mirror     |       |       |     2 ||     2
Evoke: Wand              |       |     8 |     1 ||     9
  Use: Scroll            |     9 |     4 |     9 ||    22
       Potion            |     3 |     3 |     4 ||    10
 Stab: Sleeping          |     4 |     1 |     7 ||    12
       Distracted        |       |     1 |       ||     1
  Eat: Bread ration      |     1 |     2 |     1 ||     4
       Royal jelly       |       |     1 |     2 ||     3
       Fruit             |       |     1 |     3 ||     4
       Meat ration       |       |     1 |       ||     1
Armor: Leather armour    |    34 |       |       ||    34
       Ring mail         |    10 |    39 |    26 ||    75
       Plate armour      |       |       |    87 ||    87
Dodge: Dodged            |    93 |   102 |   116 ||   311
